 Dungeon Crawl Stone Soup version 0.19-a0-1891-ge1d1fe8 (webtiles) character file.

2505 Minion the Fighter (level 9, 0/51 HPs)
             Began as a Vine Stalker Fighter on Oct 18, 2016.
             Was a Follower of Yredelemnul.
             Impaled on a porcupine's spines (3 damage)
             ... on level 7 of the Dungeon.
             The game lasted 00:14:21 (4539 turns).

Minion the Fighter (Vine Stalker Fighter)           Turns: 4539, Time: 00:14:22

Health: 0/51       AC: 12    Str: 21    XL:     9   Next: 53%
Magic:  0/10       EV: 11    Int:  8    God:    Yredelemnul [*.....]
Gold:   303        SH:  0    Dex: 15    Spells: 0 memorised, 8 levels left

rFire  . . .     SeeInvis .     L - +2 hand axe (chop)
rCold  + . .     Gourm    .     v - +2 scale mail {rC+}
rNeg   . . .     Faith    .     (no shield)
rPois  .         Spirit   +     F - +1 helmet
rElec  .         Reflect  .     D - +0 cloak
rCorr  .         Harm     .     (no gloves)
MR     ++...                    (no boots)
Stlth  +.........               w - amulet of magic regeneration
                                B - ring of protection from magic
                                x - ring of stealth

@: no status effects
A: fangs 3, regeneration 1, magic shield, antimagic bite, no device heal 3, rot
immunity
a: Animate Remains, Renounce Religion


You were on level 7 of the Dungeon.
You worshipped Yredelemnul.
Yredelemnul was aware of your devotion.
You were hungry.

You visited 1 branch of the dungeon, and saw 8 of its levels.

You collected 303 gold pieces.

Inventory:

Hand Weapons
 L - a +2 hand axe of chopping (weapon)
Armour
 v - a +2 scale mail of cold resistance (worn)
 D - a +0 cloak (worn)
 F - a +1 helmet (worn)
Jewellery
 c - an uncursed ring of protection from fire {unknown}
 w - an amulet of magic regeneration (around neck)
 x - a ring of stealth (left hand)
 B - a ring of protection from magic (right hand)
Wands
 I - a wand of disintegration (14/24)
Scrolls
 g - 6 scrolls of identify {unknown}
 h - 2 scrolls of remove curse {unknown}
 i - 2 scrolls of blinking {unknown}
 k - 2 scrolls of fog {unknown}
 l - 3 scrolls of recharging {unknown}
 m - 4 scrolls of fear {unknown}
 p - 2 scrolls of teleportation {unknown}
 r - 3 scrolls of enchant armour {unknown}
 t - 2 scrolls of enchant weapon {unknown}
 u - 2 scrolls of noise {unknown}
 M - a scroll of immolation {unknown}
 P - a scroll of random uselessness {unknown}
Potions
 b - 2 potions of cancellation {unknown}
 d - 2 potions of might
 e - 8 potions of curing {unknown}
 j - 4 potions of agility {unknown}
 n - a potion of mutation {unknown}
 o - a potion of resistance {unknown}
 s - a potion of magic {unknown}
 z - 3 potions of heal wounds {unknown}
 A - 2 potions of lignification {unknown}
 C - a potion of flight {unknown}
 E - a potion of ambrosia {unknown}
 G - 2 potions of berserk rage {unknown}
 J - 2 potions of haste {unknown}
 O - a potion of brilliance {unknown}
Books
 y - a book of Minor Magic

   Spells                             Type                      Level
   a - Magic Dart                     Conjuration                  1
   b - Blink                          Translocation                2
   c - Call Imp                       Summoning                    2
   d - Repel Missiles                 Charms/Air                   2
   e - Slow                           Hexes                        2
   f - Conjure Flame                  Conjuration/Fire             3
   g - Mephitic Cloud                 Conjuration/Poison/Air       3
Comestibles
 a - 3 fruits
 f - 4 bread rations
 q - 4 meat rations
 H - a slice of pizza
 K - a beef jerky
 N - a royal jelly


   Skills:
 + Level 8.2 Fighting
 + Level 7.9 Axes
 + Level 3.4 Armour
 + Level 2.0 Dodging
   Level 2.6 Shields


You had 8 spell levels left.
You didn't know any spells.

Dungeon Overview and Level Annotations

Branches:
Dungeon (8/15)             Temple (0/1) D:6
   Lair: D:8-11

Altars:
Cheibriados
Fedhas
Kikubaaqudgha
Qazlal
Trog
Xom
Yredelemnul
The Shining One


Innate Abilities, Weirdness & Mutations

You have razor-sharp teeth.
Your natural rate of healing is unusually fast.
When hurt, damage is shared between your health and your magic reserves.
Your bite disrupts and absorbs the magic of your enemies.
Potions and wands cannot restore your health.
You are immune to rotting.


Message History

Your adder zombie is struck by the porcupine's spines.
Your adder zombie is destroyed!
You are too injured to fight recklessly!
The porcupine bites you.
* * * LOW HITPOINT WARNING * * *
There is a stone staircase leading down, spattered with blood here.
You see here a flail.
You are struck by the porcupine's spines.
* * * LOW HITPOINT WARNING * * *
You barely miss the porcupine.
The porcupine is almost dead.
The porcupine bites you.
* * * LOW HITPOINT WARNING * * *
Your black bear zombie is struck by the porcupine's spines.
Your black bear zombie barely misses the porcupine.
Your black bear zombie closely misses the porcupine.
Your black bear zombie claws the porcupine but does no damage.
You are struck by the porcupine's spines.
You die...
Your body rises from the dead as a mindless zombie.

#........#..............
##........#..########..#.
#.............##....#.##Z
#...........⌠....≈_.#...Z
#...............≈...#..##
#...............≈...#..##
#..#........≈≈≈≈≈..##Z###
#..##........≈≈≈≈..##Z##.
#.####..@.).≈≈≈≈≈...#Z#.. ####.#
##rZ†.....≈≈.⌠...... ####....#
######........##...
##.......#########.....#####....
##.............(....########...(.
#...................## #.......)
##.......##########..## #.PP..)..
##......# ###Z.# #PPPP....
##..#...## #...[###PP_PP...


You could see a porcupine and a friendly black bear zombie.

Vanquished Creatures
  A hornet (D:7)
  The ghost of Minion the Covert, a novice SpAs (D:6)
  Sigmund (D:5)
  A wyvern (D:7)
  Duvessa (D:5)
  2 sky beasts (D:5)
  An ice beast (D:6)
  A black bear (D:7)
  A phantom (D:6)
  3 ogres
  2 centaurs (D:7)
  A bullfrog (D:6)
  Dowan (D:5)
  The ghost of Flanowski the Bolt Thrower, a weakling CeHu (D:3)
  2 crimson imps
  A centaur skeleton (D:5)
  A bullfrog skeleton (D:4)
  3 orc wizards
  Terence (D:2)
  Natasha (D:2)
  5 worker ants
  A worker ant zombie (D:5)
  9 gnolls
  A howler monkey zombie (D:5)
  8 adders
  4 worms (D:3)
  A dart slug (D:3)
  5 leopard geckos
  11 orcs
  A ball python (D:1)
  6 giant cockroaches
  7 goblins
  11 hobgoblins
  5 jackals
  6 kobolds
  8 quokkas
  8 bats
  6 frilled lizards
  15 rats
145 creatures vanquished.

Vanquished Creatures (collateral kills)
  2 gnolls (D:7)
2 creatures vanquished.

Vanquished Creatures (others)
  An adder zombie (D:7)
  3 gnoll zombies (D:7)
  A quokka zombie (D:7)
  4 toadstools (D:1)
9 creatures vanquished.

Grand Total: 156 creatures vanquished

Notes
Turn   | Place    | Note
-------+----------+-------------------------------------------
     0 | D:1      | Minion the Vine Stalker Fighter began the quest for the Orb.
     0 | D:1      | Reached XP level 1. HP: 11/11 MP: 2/2
   138 | D:1      | Reached XP level 2. HP: 14/16 MP: 3/3
   371 | D:1      | Reached skill level 3 in Fighting
   395 | D:1      | Reached XP level 3. HP: 20/20 MP: 4/4
  1065 | D:2      | Noticed Terence
  1070 | D:2      | Killed Terence
  1070 | D:2      | Gained mutation: Your natural rate of healing is unusually fast. [Vine Stalker growth]
  1070 | D:2      | Reached XP level 4. HP: 20/24 MP: 5/5
  1237 | D:2      | Reached XP level 5. HP: 15/29 MP: 3/6
  1450 | D:3      | Noticed Natasha
  1453 | D:3      | Reached skill level 4 in Fighting
  1465 | D:2      | Killed Natasha
  1504 | D:3      | Noticed Flanowski's ghost (weakling CeHu)
  1511 | D:3      | Killed Flanowski's ghost
  1511 | D:3      | Reached XP level 6. HP: 19/34 MP: 5/7
  1801 | D:3      | Found a stormy altar of Qazlal.
  2008 | D:4      | Found a basalt altar of Yredelemnul.
  2020 | D:4      | Became a worshipper of Yredelemnul the Dark
  2100 | D:4      | Found a glowing golden altar of the Shining One.
  2164 | D:4      | Reached skill level 5 in Fighting
  2266 | D:4      | Found a shimmering altar of Xom.
  2336 | D:5      | Entered Level 5 of the Dungeon
  2416 | D:5      | Noticed a sky beast
  2442 | D:5      | Killed a sky beast
  2442 | D:5      | Reached XP level 7. HP: 35/39 MP: 8/8
  2465 | D:5      | Reached skill level 5 in Axes
  2566 | D:5      | Noticed Sigmund
  2583 | D:5      | Killed Sigmund
  2583 | D:5      | Reached skill level 6 in Fighting
  2684 | D:5      | Gained mutation: You have razor-sharp teeth. [Vine Stalker growth]
  2684 | D:5      | Reached XP level 8. HP: 39/44 MP: 9/9
  2740 | D:5      | Noticed Dowan
  2741 | D:5      | Noticed Duvessa
  2753 | D:5      | Killed Duvessa
  2760 | D:5      | Killed Dowan
  2972 | D:5      | Reached * piety under Yredelemnul
  3114 | D:5      | Reached skill level 7 in Fighting
  3245 | D:6      | Noticed Minion's ghost (novice SpAs)
  3268 | D:6      | Killed Minion's ghost
  3384 | D:6      | Reached XP level 9. HP: 42/51 MP: 7/10
  3480 | D:6      | Found a bloodstained altar of Trog.
  3590 | D:6      | Found a snail-covered altar of Cheibriados.
  3608 | D:6      | Found a staircase to the Ecumenical Temple.
  3845 | D:7      | Noticed a hornet
  3858 | D:7      | Killed a hornet
  3858 | D:7      | Reached skill level 8 in Fighting
  3858 | D:7      | Reached skill level 1 in Dodging
  3971 | D:7      | Found an ancient bone altar of Kikubaaqudgha.
  3998 | D:7      | Found a blossoming altar of Fedhas.
  4539 | D:7      | Impaled on a porcupine's spines

Vault maps used:
D:1:      ldierk_water_garden
D:2:      grunt_ministairs_9, uniq_terence
D:3:      grunt_qazlal_sundering, minmay_misc_feat_plants, uniq_natasha
D:4:      yredelemnul_altar_generic, lemuel_round_altar, lemuel_round_altar,
          first_bread
D:5:      uniq_duvessa, uniq_sigmund
D:6:      lemuel_round_altar, cheibriados_altar_1
D:7:      nicolae_overflow_hidden_temple, kiku_gazebo_pond_becter,
          fedhas_altar_3
D:8:      makhleb_grotto_becter, minmay_lair_entry_grove

Skill      XL: |  1  2  3  4  5  6  7  8  9 |
---------------+----------------------------+-----
Axes           | 2 3 4 5 7 |  7.9
Fighting       | 3 4 5 6 7 8 |  8.2
Armour         | 3 |  3.4
Dodging        | 2 |  2.0
Shields        | |  2.6

Action                   |  1- 3 |  4- 6 |  7- 9 || total
-------------------------+-------+-------+-------++-------
Melee: War axe           |    95 |   181 |   130 ||   406
       Bite              |    15 |    51 |    70 ||   136
       Hand axe          |       |       |    63 ||    63
Invok: Animate Remains   |       |       |     6 ||     6
  Use: Potion            |       |     1 |       ||     1
 Stab: Sleeping          |       |     1 |       ||     1
       Distracted        |       |       |     1 ||     1
  Eat: Chunk             |     1 |     2 |       ||     3
       Pizza             |       |     1 |       ||     1
       Bread ration      |       |       |     2 ||     2
Armor: Scale mail        |    65 |   122 |   109 ||   296
Dodge: Dodged            |    60 |   101 |    93 ||   254
